 Dungeon Crawl Stone Soup version 0.31-a0-1591-g515db51633 (webtiles) character file.

Game seed: 15823598785538622738

23 Flugslaktarn the Apothecary (level 2, 0/17 HPs)
             Began as an Octopode Alchemist on Jan 6, 2024.
             Killed from afar by Robin (5 damage)
             ... with a puff of flame
             ... on level 2 of the Dungeon.
             The game lasted 00:00:52 (342 turns).

Flugslaktarn the Apothecary (Octopode Alchemist)     Turns: 342, Time: 00:00:52

Health: 0/17       AC:  1    Str:  7    XL:     2   Next: 95%
Magic:  0/5        EV: 13    Int: 17    God:
Gold:   19         SH:  0    Dex: 12    Spells: 4/5 levels left

rFire   + . .        i - +0 dagger
rCold   . . .        (no shield)
rNeg    + . .        (helmet restricted)
rPois   .            (no amulet)
rElec   .            f - ring of protection from fire
rCorr   .            d - ring of positive energy
SInv    .            (no ring)
Will    .....        (no ring)
Stlth   +++          (no ring)
HPRegen 0.22/turn    (no ring)
MPRegen 0.09/turn    (no ring)
                     (no ring)

%: no passive effects
@: no status effects
A: almost no armour, amphibious, 8 rings, camouflage 1, gelatinous body 1,
(nimble swimmer 1), tentacles
a: no special abilities


You were on level 2 of the Dungeon.
You visited 1 branch of the dungeon, and saw 2 of its levels.

You collected 19 gold pieces.

Inventory:

Hand Weapons
 i - a +0 dagger (weapon)
   (You took it off a goblin on level 2 of the Dungeon)
Jewellery
 d - a ring of positive energy (right tentacle)
   (You found it on level 1 of the Dungeon)
 f - a ring of protection from fire (left tentacle)
   (You found it on level 2 of the Dungeon)
Scrolls
 b - a scroll of enchant weapon {unknown}
 c - a scroll of acquirement {unknown}
 e - a scroll of enchant armour {unknown}
 g - a scroll of teleportation {unknown}
Potions
 a - 2 potions of magic
 h - a potion of ambrosia {unknown}


   Skills:
 - Level 2.0 Dodging
 - Level 2.6 Stealth
 + Level 2.4 Spellcasting
 - Level 1.0 Conjurations
 * Level 4.1 Alchemy


You had 4 spell levels left.
You knew the following spells:

 Your Spells              Type           Power      Damage    Failure   Level
a - Sting                 Conj/Alch      40%        1d5       6%          1

Your spell library contained the following spells:

 Spells                   Type           Power      Damage    Failure   Level
 Mercury Vapours          Alch/Air       18%        N/A       12%         2
 Mephitic Cloud           Conj/Alch/Air  7%         N/A       28%         3
 Olgreb's Toxic Radiance  Alch           16%        N/A       32%         4
 Sticky Flame             Fire/Alch      9%         2d5       61%         4


Dungeon Overview and Level Annotations

Branches:
Dungeon (2/15)

Altars:

Annotations:
D:2 Robin


Innate Abilities, Weirdness & Mutations

You cannot wear most types of armour.
You are amphibious.
You can wear up to eight rings at the same time.
Your skin changes colour to match your surroundings (Stealth+).
Your rubbery body absorbs attacks. (AC +1, EV +1)
((You are camouflaged when in or above water. (Stealth+)))
You have tentacles for arms and can constrict up to eight enemies at once.


Message History

Aiming: Sting (safe; 7% risk of failure)
Press: ? - help, Shift-Dir - straight line, f - goblin
Aim: a goblin, wielding a +0 dagger (strong, 64% to hit)
The sting misses the goblin.
The goblin no longer looks unusually strong.
Casting: Sting (safe; 7% risk of failure)
Confirm with . or Enter, or press ? or * to list all spells.
Aiming: Sting (safe; 7% risk of failure)
Press: ? - help, Shift-Dir - straight line, f/p - goblin
Aim: a goblin, wielding a +0 dagger (64% to hit)
The sting misses the goblin.
You tentacle-slap the goblin but do no damage.
Your grab misses the goblin. You tentacle-slap the goblin.
The goblin is heavily wounded.
The goblin barely misses you.
You tentacle-slap the goblin but do no damage.
You grab the goblin.
The goblin is heavily wounded.
You constrict the goblin, but do no damage.
The goblin completely misses you.
You tentacle-slap the goblin but do no damage.
The goblin is heavily wounded.
You constrict the goblin. The goblin hits you with a +0 dagger.
You tentacle-slap the goblin but do no damage.
The goblin is severely wounded.
You constrict the goblin.
You kill the goblin!
You see here a +0 dagger.
i - a +0 dagger (weapon)
You hit the goblin. You grab the goblin.
The goblin is moderately wounded.
You constrict the goblin. The goblin completely misses you.
You hit the goblin.
You kill the goblin!
No target in view!
You see here a +0 club.
A goblin comes into view. It is wielding a +0 dagger.
Casting: Sting (safe; 7% risk of failure)
Confirm with . or Enter, or press ? or * to list all spells.
Aiming: Sting (safe; 7% risk of failure)
Press: ? - help, Shift-Dir - straight line, f - Robin
Aim: Robin, wielding a +0 mace, wearing a +1 animal skin, wearing a +0 helmet and carrying a wand of flame (79% to hit)
The sting misses Robin.
The sting hits the goblin.
The goblin is poisoned.
The goblin is moderately wounded.
Robin throws the goblin at you!
You barely miss the goblin. You grab the goblin. You squeeze the goblin.
You kill the goblin!
Robin throws the goblin at you!
Casting: Sting (safe; 7% risk of failure)
Confirm with . or Enter, or press ? or * to list all spells.
Aiming: Sting (safe; 7% risk of failure)
Press: ? - help, Shift-Dir - straight line, f/p - Robin
Aim: Robin, wielding a +0 mace, wearing a +1 animal skin, wearing a +0 helmet and carrying a wand of flame (79% to hit)
The sting hits Robin.
Robin is poisoned.
Robin is moderately wounded.
The goblin hits you with a +0 club.
You hit the goblin.
You kill the goblin!
A goblin comes into view. It is wielding a +0 dagger.
A hobgoblin comes into view.
Robin zaps a wand.
The puff of flame hits you. You resist.
A goblin comes into view. It is wielding a +0 club.
Robin roars a battlecry!
The goblin goes into a battle-frenzy!
You hear a shout! x4
Things that are here:
a +0 club; a +0 dagger; a goblin corpse You see here a +0 club.
Casting: Sting (safe; 6% risk of failure)
Confirm with . or Enter, or press ? or * to list all spells.
Aiming: Sting (safe; 6% risk of failure)
Press: ? - help, Shift-Dir - straight line, f/p - Robin
Aim: Robin, wielding a +0 mace, wearing a +1 animal skin, wearing a +0 helmet and carrying a wand of flame (heavily wounded, 79% to hit)
The sting misses Robin.
Casting: Sting (safe; 6% risk of failure)
Confirm with . or Enter, or press ? or * to list all spells.
Aiming: Sting (safe; 6% risk of failure)
Press: ? - help, Shift-Dir - straight line, f/p - Robin
Aim: Robin, wielding a +0 mace, wearing a +1 animal skin, wearing a +0 helmet and carrying a wand of flame (heavily wounded, 79% to hit)
The sting hits Robin.
Robin is poisoned.
Robin is severely wounded.
Robin zaps a wand.
The puff of flame misses you.
Robin zaps a wand.
The puff of flame misses you.
A goblin comes into view. It is wielding a +0 dagger.
Robin roars a battlecry!
Casting: Sting (safe; 6% risk of failure)
Confirm with . or Enter, or press ? or * to list all spells.
Aiming: Sting (safe; 6% risk of failure)
Press: ? - help, Shift-Dir - straight line, f/p - Robin
Aim: Robin, wielding a +0 mace, wearing a +1 animal skin, wearing a +0 helmet and carrying a wand of flame (severely wounded, poisoned, 79% to hit)
The sting hits Robin.
Robin looks even sicker.
Robin is severely wounded.
Robin zaps a wand.
The puff of flame hits you. You resist.
* * * LOW HITPOINT WARNING * * *
You closely miss the goblin.
The goblin shouts!
Your grab misses the goblin. The goblin barely misses you.
Robin zaps a wand.
The puff of flame hits you. You resist.
You die...
Robin says, "And that's why I'm the boss."

##### #### ############...#
##... #..............#####
####.... #...........##..
....... #.gg.g.....###.# #.....
#g.######@.###.######.....
##..### ##g.........†......
#.....##........########...
#.###g##.#................. #.#
#)##.##.##..#########..
#.###.##.##.##.... ..#.. #.....#
.##.##...## #.#.. ##..###
.##.##...# #.#..
#######..####.##..##.#######.#..


You could see Robin (very poisoned) and 3 goblins.

Vanquished Creatures
  2 dart slugs
  A bat (D:2)
  2 endoplasms
  4 goblins (D:2)
  2 jackals (D:2)
  2 ball pythons (D:2)
  A kobold (D:2)
  3 rats (D:2)
17 creatures vanquished.

Notes
Turn   | Place    | Note
-------+----------+-------------------------------------------
     0 | D:1      | Flugslaktarn the Octopode Alchemist began the quest for the
                  | Orb.
     0 | D:1      | Reached XP level 1. HP: 11/11 MP: 3/3
   214 | D:2      | Reached XP level 2. HP: 5/17 MP: 0/5
   294 | D:2      | Noticed Robin
   295 | D:2      | Reached skill level 4 in Alchemy
   342 | D:2      | Killed from afar by Robin

Illustrated notes

Levels and vault maps discovered:
D:1:      denvon_arrival_planthouse, layout_basic,
          nicolae_ecumenical_snake_handling
D:2:      layout_loops_ring, nicolae_grassy_gnolls, uniq_robin, uniq_natasha

Skill      XL: |  1  2 |
---------------+-------+-----
Alchemy        | 4 |  4.1
Dodging        | |  2.0
Stealth        | |  2.6
Spellcasting   | |  2.4
Conjurations   | |  1.0

Action                     || total
---------------------------++-------
  Melee: Unarmed           ||    19
         Constrict         ||     7
         Tentacles         ||     6
         Punch             ||     2
         Dagger            ||     5
   Cast: Sting             ||    21
   Stab: Sleeping          ||     2
 Armour: Skin              ||    14
  Dodge: Dodged            ||    18

Table legend: (Time is in decaauts)
 A = Elapsed time spent in this place.
 B = Non-inter-level travel time spent in this place.
 C = Inter-level travel time spent in this place.
 D = Time resting spent in this place.
 E = Time spent auto-exploring this place.
 F = Levels seen in this place.
 G = Mean time per level.
                   A        B        C        D        E       F      G
               +--------+--------+--------+--------+--------+-----+--------+
         Total |    340 |    329 |     11 |     32 |    131 |   2 |  170.0 |
       Dungeon |    340 |    329 |     11 |     32 |    131 |   2 |  170.0 |
               +--------+--------+--------+--------+--------+-----+--------+

Top non-repeatable levels by time:
     D:1: 179 daAuts
     D:2: 161 daAuts
